| TOP OF THE 1ST |
|
Hamilton Cardinals batting - Pitching for Chester Pirates : RHP Andy Pemberton
|
|
Pitching: RHP Andy Pemberton
|
|
|
Batting: RHB Matt Shaw
|
0-0: Called Strike 0-1: Ball 1-1: Called Strike 1-2: Strikes out looking
|
|
Batting: SHB Jae-hong Kym
|
0-0: Called Strike 0-1: Swinging Strike 0-2: Strikes out swinging
|
|
Batting: LHB Jonathan Barker
|
0-0: Foul Ball, location: 2F 0-1: Called Strike 0-2: Strikes out swinging
|
| Top of the 1st over - 0 runs, 0 hits, 0 errors, 0 left on base; Hamilton 0 - Chester 0 |
| BOTTOM OF THE 1ST |
|
Chester Pirates batting - Pitching for Hamilton Cardinals : RHP Ji-e Shuai
|
|
Pitching: RHP Ji-e Shuai
|
|
|
Batting: SHB Mike Corley
|
0-0: Foul Ball, location: 2F 0-1: Ball 1-1: SINGLE (Groundball, 34D, EV 95.6 MPH)
|
|
Batting: RHB Zach Chmieleski
|
0-0: Ball Mike Corley steals 2nd base 1-0: Called Strike 1-1: Foul Ball, location: 2F 1-2: Ball 2-2: Ball 3-2: Strikes out swinging
|
|
Batting: RHB Bob Buckler
|
0-0: Ball 1-0: Called Strike 1-1: Fly out, F8 (Line Drive, 8LS, EV 96.2 MPH)
|
|
Batting: LHB Tommie Benefield
|
0-0: Ball 1-0: Ball 2-0: Called Strike 2-1: Ball 3-1: Called Strike 3-2: Foul Ball, location: 2F 3-2: Base on Balls
|
|
Batting: RHB Matt Rangel
|
0-0: Foul Ball, location: 2F 0-1: Ball 1-1: SINGLE (Line Drive, 7LS, EV 93.1 MPH) Mike Corley to third Tommie Benefield to second Runner from 3rd tries for Home, SAFE, throw by LF to home
|
|
Batting: RHB Steve Kane
|
0-0: Ball 1-0: Foul Ball, location: 2F 1-1: Swinging Strike 1-2: Ball 2-2: SINGLE (Flyball, 7, EV 91.9 MPH) Tommie Benefield to third Matt Rangel to second Runner from 3rd tries for Home, SAFE, throw by LF to home
|
|
Batting: RHB Joe Stepnowski
|
0-0: Swinging Strike 0-1: Fly out, F4 (Popup, 4, EV 64.4 MPH)
|
| Bottom of the 1st over - 2 runs, 3 hits, 0 errors, 2 left on base; Hamilton 0 - Chester 2 |
| TOP OF THE 2ND |
|
Hamilton Cardinals batting - Pitching for Chester Pirates : RHP Andy Pemberton
|
|
Batting: RHB Jason Hunt
|
0-0: Foul Ball, location: 2F 0-1: Ground out 5-3 (Groundball, 56S, EV 80.0 MPH)
|
|
Batting: LHB Steven Higgs
|
0-0: Foul Ball, location: 2F 0-1: Ball 1-1: Fly out, F8 (Flyball, 8RD, EV 103.8 MPH)
|
|
Batting: RHB Kevin McGaughey
|
0-0: Foul Ball, location: 2F 0-1: Ball 1-1: Swinging Strike 1-2: Strikes out looking
|
| Top of the 2nd over - 0 runs, 0 hits, 0 errors, 0 left on base; Hamilton 0 - Chester 2 |
| BOTTOM OF THE 2ND |
|
Chester Pirates batting - Pitching for Hamilton Cardinals : RHP Ji-e Shuai
|
|
Batting: RHB Freddy Mulholland
|
0-0: Ground out 5-3 (Groundball, 56, EV 107.5 MPH)
|
|
Batting: RHB Brian Brewster
|
0-0: Swinging Strike 0-1: Called Strike 0-2: Ball 1-2: Ball 2-2: Ball 3-2: Strikes out looking
|
|
Batting: SHB Mike Corley
|
0-0: Ball 1-0: Ball 2-0: Foul Ball, location: 2F 2-1: Ball 3-1: Foul Ball, location: 2F 3-2: Fly out, F9 (Line Drive, 9S, EV 97.5 MPH)
|
| Bottom of the 2nd over - 0 runs, 0 hits, 0 errors, 0 left on base; Hamilton 0 - Chester 2 |
| TOP OF THE 3RD |
|
Hamilton Cardinals batting - Pitching for Chester Pirates : RHP Andy Pemberton
|
|
Batting: LHB Josh Levin
|
0-0: Ball 1-0: Foul Ball, location: 2F 1-1: Ball 2-1: Foul Ball, location: 2F 2-2: SINGLE (Groundball, 56S, EV 65.6 MPH) (infield hit)
|
|
Batting: LHB John Stewart
|
0-0: Fly out, F8 (Flyball, 78M, EV 81.2 MPH)
|
|
Batting: RHB Oscar Higareda
|
0-0: Foul Ball, location: 2F 0-1: Ball 1-1: Ball 2-1: Swinging Strike 2-2: Strikes out swinging
|
|
Batting: RHB Matt Shaw
|
0-0: Ball 1-0: Fly out, F9 (Line Drive, 9, EV 90.6 MPH)
|
| Top of the 3rd over - 0 runs, 1 hit, 0 errors, 1 left on base; Hamilton 0 - Chester 2 |
| BOTTOM OF THE 3RD |
|
Chester Pirates batting - Pitching for Hamilton Cardinals : RHP Ji-e Shuai
|
|
Batting: RHB Zach Chmieleski
|
0-0: Ball 1-0: Foul Ball, location: 2F 1-1: Foul Ball, location: 2F 1-2: Foul Ball, location: 2F 1-2: Ball 2-2: Ball 3-2: Ground out 6-3 (Groundball, 6, EV 85.6 MPH)
|
|
Batting: RHB Bob Buckler
|
0-0: Ground out 4-3 (Groundball, 34, EV 101.9 MPH)
|
|
Batting: LHB Tommie Benefield
|
0-0: SOLO HOME RUN (Flyball, 9LD, EV 99.4 MPH), Distance : 373 ft
|
|
Batting: RHB Matt Rangel
|
0-0: Foul Ball, location: 2F 0-1: Ball 1-1: Swinging Strike 1-2: Foul Ball, location: 2F 1-2: Strikes out swinging
|
| Bottom of the 3rd over - 1 run, 1 hit, 0 errors, 0 left on base; Hamilton 0 - Chester 3 |
| TOP OF THE 4TH |
|
Hamilton Cardinals batting - Pitching for Chester Pirates : RHP Andy Pemberton
|
|
Batting: SHB Jae-hong Kym
|
0-0: Ball 1-0: Called Strike 1-1: Foul Ball, location: 2F 1-2: Strikes out swinging
|
|
Batting: LHB Jonathan Barker
|
0-0: Called Strike 0-1: Called Strike 0-2: Ball 1-2: Ball 2-2: Ball 3-2: Foul Ball, location: 2F 3-2: Foul Ball, location: 2F 3-2: Fly out, F8 (Flyball, 8RD, EV 100.6 MPH)
|
|
Batting: RHB Jason Hunt
|
0-0: Called Strike 0-1: Ball 1-1: Foul Ball, location: 2F 1-2: Ball 2-2: Strikes out looking
|
| Top of the 4th over - 0 runs, 0 hits, 0 errors, 0 left on base; Hamilton 0 - Chester 3 |
| BOTTOM OF THE 4TH |
|
Chester Pirates batting - Pitching for Hamilton Cardinals : RHP Ji-e Shuai
|
|
Batting: RHB Steve Kane
|
0-0: Called Strike 0-1: Foul Ball, location: 2F 0-2: Foul Ball, location: 2F 0-2: Strikes out looking
|
|
Batting: RHB Joe Stepnowski
|
0-0: Ball 1-0: Ball 2-0: Ball 3-0: Called Strike 3-1: Foul Ball, location: 2F 3-2: Foul Ball, location: 2F 3-2: Foul Ball, location: 2F 3-2: Fly out, F8 (Flyball, 89D, EV 95.6 MPH)
|
|
Batting: RHB Freddy Mulholland
|
0-0: Called Strike 0-1: Foul Ball, location: 2F 0-2: Foul Ball, location: 2F 0-2: Ball 1-2: SINGLE (Groundball, 34D, EV 100.6 MPH)
|
|
Batting: RHB Brian Brewster
|
0-0: Swinging Strike 0-1: Fielders Choice at 2nd, 6-4 (Groundball, 6, EV 86.2 MPH)
|
| Bottom of the 4th over - 0 runs, 1 hit, 0 errors, 1 left on base; Hamilton 0 - Chester 3 |
| TOP OF THE 5TH |
|
Hamilton Cardinals batting - Pitching for Chester Pirates : RHP Andy Pemberton
|
|
Batting: LHB Steven Higgs
|
0-0: Ball 1-0: Called Strike 1-1: Foul Ball, location: 2F 1-2: Strikes out swinging, 2-3 out at first.
|
|
Batting: RHB Kevin McGaughey
|
0-0: SINGLE (Flyball, 8RS, EV 95.0 MPH)
|
|
Batting: LHB Josh Levin
|
0-0: Ball 1-0: Called Strike 1-1: Called Strike Kevin McGaughey steals 2nd, throwing error, E2 Kevin McGaughey to third 1-2: Fly out, F8 (Flyball, 8LS, EV 96.9 MPH)
|
|
Batting: LHB John Stewart
|
0-0: Ball 1-0: SINGLE (Line Drive, 8RS, EV 95.0 MPH) Kevin McGaughey scores
|
|
Batting: RHB Oscar Higareda
|
0-0: Ball John Stewart steals 2nd base 1-0: Ball 2-0: Ball 3-0: Base on Balls
|
|
Batting: RHB Matt Shaw
|
0-0: Ball 1-0: Ball 2-0: DOUBLE (Line Drive, 89D, EV 111.2 MPH) John Stewart scores Oscar Higareda to third Runner from 3rd tries for Home, SAFE, throw by CF to trailing runner, SAFE at third!
|
|
Batting: SHB Jae-hong Kym
|
0-0: Fly out, F9 (Line Drive, 9D, EV 100.6 MPH)
|
| Top of the 5th over - 3 runs, 3 hits, 1 error, 1 left on base; Hamilton 3 - Chester 3 |
| BOTTOM OF THE 5TH |
|
Chester Pirates batting - Pitching for Hamilton Cardinals : RHP Ji-e Shuai
|
|
Batting: SHB Mike Corley
|
0-0: Foul Ball, location: 2F 0-1: Ball 1-1: Ball 2-1: Swinging Strike 2-2: Foul Ball, location: 2F 2-2: Strikes out swinging
|
|
Pitching: RHP Norietsu Higashi
|
|
|
Batting: RHB Zach Chmieleski
|
0-0: Ground out 6-3 (Groundball, 6, EV 100.0 MPH)
|
|
Batting: RHB Bob Buckler
|
0-0: Swinging Strike 0-1: Ball 1-1: Foul Ball, location: 2F 1-2: Foul Ball, location: 2F 1-2: Foul Ball, location: 2F 1-2: Ball 2-2: Foul Ball, location: 2F 2-2: Ball 3-2: Fly out, F9 (Flyball, 89S, EV 84.4 MPH)
|
| Bottom of the 5th over - 0 runs, 0 hits, 0 errors, 0 left on base; Hamilton 3 - Chester 3 |
| TOP OF THE 6TH |
|
Hamilton Cardinals batting - Pitching for Chester Pirates : RHP Andy Pemberton
|
|
Batting: LHB Jonathan Barker
|
0-0: Swinging Strike 0-1: Ball 1-1: Ball 2-1: Fly out, F6 (Popup, 4MD, EV 52.5 MPH)
|
|
Batting: RHB Jason Hunt
|
0-0: Ball 1-0: Ball 2-0: DOUBLE (Groundball, 3L, EV 109.4 MPH)
|
|
Batting: LHB Steven Higgs
|
0-0: Foul Ball, location: 2F 0-1: Foul Ball, location: 2F 0-2: Ball 1-2: Foul Ball, location: 2F 1-2: Ball 2-2: Strikes out swinging
|
|
Batting: RHB Kevin McGaughey
|
0-0: Called Strike 0-1: Foul Ball, location: 2F 0-2: Ball 1-2: Ball 2-2: Foul Ball, location: 2F 2-2: Ball 3-2: SINGLE (Groundball, 6MD, EV 103.8 MPH) Jason Hunt to third Runner from 3rd tries for Home, SAFE, throw by CF to home
|
|
Batting: LHB Josh Levin
|
0-0: SINGLE (Groundball, 34D, EV 103.8 MPH) Kevin McGaughey to second
|
|
Batting: LHB John Stewart
|
0-0: Ball 1-0: Called Strike 1-1: Ball 2-1: Ball 3-1: Base on Balls Kevin McGaughey to third Josh Levin to second
|
|
Pitching: RHP Justin Todorovich
|
|
|
Batting: RHB Oscar Higareda
|
0-0: Ball 1-0: SINGLE (Groundball, 56, EV 103.1 MPH) Kevin McGaughey scores Josh Levin to third John Stewart to second
|
|
Batting: RHB Matt Shaw
|
0-0: Ball 1-0: Fly out, F9 (Line Drive, 9LM, EV 90.6 MPH)
|
| Top of the 6th over - 2 runs, 4 hits, 0 errors, 3 left on base; Hamilton 5 - Chester 3 |
| BOTTOM OF THE 6TH |
|
Chester Pirates batting - Pitching for Hamilton Cardinals : RHP Norietsu Higashi
|
|
Batting: LHB Tommie Benefield
|
0-0: Called Strike 0-1: Ball 1-1: Ball 2-1: Ground out U3 (Groundball, 3, EV 92.5 MPH)
|
|
Batting: RHB Matt Rangel
|
0-0: Ground out 6-3 (Groundball, 6, EV 83.8 MPH)
|
|
Batting: RHB Steve Kane
|
0-0: Ball 1-0: Swinging Strike 1-1: Swinging Strike 1-2: Strikes out swinging
|
| Bottom of the 6th over - 0 runs, 0 hits, 0 errors, 0 left on base; Hamilton 5 - Chester 3 |
| TOP OF THE 7TH |
|
Hamilton Cardinals batting - Pitching for Chester Pirates : RHP Justin Todorovich
|
|
Batting: SHB Jae-hong Kym
|
0-0: Ball 1-0: Called Strike 1-1: Foul Ball, location: 2F 1-2: Ball 2-2: Strikes out swinging
|
|
Batting: LHB Jonathan Barker
|
0-0: Ball 1-0: Ball 2-0: Ball 3-0: Called Strike 3-1: Foul Ball, location: 2F 3-2: Fly out, F8 (Flyball, 8RXD, EV 103.1 MPH)
|
|
Batting: RHB Jason Hunt
|
0-0: Fly out, F9 (Flyball, 9S, EV 76.9 MPH)
|
| Top of the 7th over - 0 runs, 0 hits, 0 errors, 0 left on base; Hamilton 5 - Chester 3 |
| BOTTOM OF THE 7TH |
|
Chester Pirates batting - Pitching for Hamilton Cardinals : RHP Norietsu Higashi
|
|
Batting: RHB Joe Stepnowski
|
0-0: Ball 1-0: Swinging Strike 1-1: Foul Ball, location: 2F 1-2: Ball 2-2: Strikes out swinging
|
|
Batting: RHB Freddy Mulholland
|
0-0: Ball 1-0: Ball 2-0: Ball 3-0: Base on Balls
|
|
Batting: RHB Brian Brewster
|
0-0: Ball 1-0: Foul Ball, location: 2F 1-1: Ball 2-1: Ball 3-1: Base on Balls Freddy Mulholland to second
|
|
Batting: SHB Mike Corley
|
0-0: Called Strike 0-1: Called Strike 0-2: Ball 1-2: Ball 2-2: Strikes out swinging
|
|
Batting: RHB Zach Chmieleski
|
0-0: Ball 1-0: Ball 2-0: Ball 3-0: Called Strike 3-1: Called Strike 3-2: Base on Balls Freddy Mulholland to third Brian Brewster to second
|
|
Batting: RHB Bob Buckler
|
0-0: Ball 1-0: Foul Ball, location: 2F 1-1: Ball 2-1: Ball 3-1: Foul Ball, location: 2F 3-2: Base on Balls Freddy Mulholland scores Brian Brewster to third Zach Chmieleski to second
|
|
Batting: LHB Tommie Benefield
|
0-0: Called Strike 0-1: Ball 1-1: Ball 2-1: Swinging Strike 2-2: Foul Ball, location: 2F 2-2: Reached on error, E6 (Groundball, 6, EV 89.4 MPH) Brian Brewster scores Zach Chmieleski to third Bob Buckler to second
|
|
Pitching: RHP Daniel Boulter
|
|
|
Batting: RHB Matt Rangel
|
0-0: Called Strike 0-1: Called Strike 0-2: Ball 1-2: Ball 2-2: Foul Ball, location: 2F 2-2: Foul Ball, location: 2F 2-2: Foul Ball, location: 2F 2-2: Ball 3-2: Fly out, F8 (Line Drive, 8RS, EV 89.4 MPH)
|
| Bottom of the 7th over - 2 runs, 0 hits, 1 error, 3 left on base; Hamilton 5 - Chester 5 |
| TOP OF THE 8TH |
|
Hamilton Cardinals batting - Pitching for Chester Pirates : RHP Justin Todorovich
|
|
Batting: LHB Steven Higgs
|
0-0: Called Strike 0-1: Ball 1-1: Swinging Strike 1-2: Ball 2-2: Ball 3-2: Base on Balls
|
|
Pitching: RHP Yong-taek Hoang
|
|
|
Batting: RHB Kevin McGaughey
|
0-0: Swinging Strike 0-1: Swinging Strike 0-2: Ball 1-2: Strikes out swinging
|
|
Batting: LHB Josh Levin
|
0-0: Ball 1-0: Called Strike 1-1: SINGLE (Line Drive, 9, EV 88.8 MPH) Steven Higgs to second
|
|
Batting: LHB John Stewart
|
0-0: Ball 1-0: Called Strike 1-1: Ball 2-1: Fly out, F7 (Flyball, 7, EV 93.1 MPH)
|
|
Batting: RHB Oscar Higareda
|
0-0: Ball 1-0: SINGLE (Flyball, 9S, EV 90.6 MPH) Steven Higgs to third Josh Levin to second Runner from 3rd tries for Home, SAFE, throw by RF to home
|
|
Batting: RHB Matt Shaw
|
0-0: Ball 1-0: Ball 2-0: Ball 3-0: SINGLE (Groundball, 56S, EV 71.2 MPH) (infield hit) Josh Levin to third Oscar Higareda to second
|
|
Batting: SHB Jae-hong Kym
|
0-0: Ball 1-0: Foul Ball, location: 2F 1-1: Ball Passed Ball! Josh Levin scores Oscar Higareda to third Matt Shaw to second 2-1: Ball 3-1: Base on Balls
|
|
Pitching: RHP Justin Rousell
|
|
|
Batting: LHB Jonathan Barker
|
0-0: SINGLE (Groundball, 34D, EV 103.8 MPH) (infield hit) Oscar Higareda scores Matt Shaw to third Jae-hong Kym to second
|
|
Batting: RHB Jason Hunt
|
0-0: Ball 1-0: Ball 2-0: Foul Ball, location: 2F 2-1: Ball Wild Pitch! Matt Shaw scores Jae-hong Kym to third Jonathan Barker to second 3-1: Base on Balls
|
|
Batting: LHB Steven Higgs
|
0-0: Swinging Strike 0-1: Called Strike 0-2: Strikes out swinging
|
| Top of the 8th over - 4 runs, 4 hits, 0 errors, 3 left on base; Hamilton 9 - Chester 5 |
| BOTTOM OF THE 8TH |
|
Chester Pirates batting - Pitching for Hamilton Cardinals : RHP Daniel Boulter
|
|
Batting: RHB Steve Kane
|
0-0: Ball 1-0: Ball 2-0: Called Strike 2-1: Foul Ball, location: 2F 2-2: Ball 3-2: Fly out, F9 (Line Drive, 9D, EV 91.9 MPH)
|
|
Batting: RHB Joe Stepnowski
|
0-0: Called Strike 0-1: Foul Ball, location: 2F 0-2: Ball 1-2: Strikes out looking
|
|
Batting: RHB Freddy Mulholland
|
0-0: Swinging Strike 0-1: Foul Ball, location: 2F 0-2: Fly out, F4 (Popup, 34D, EV 51.9 MPH)
|
| Bottom of the 8th over - 0 runs, 0 hits, 0 errors, 0 left on base; Hamilton 9 - Chester 5 |
| TOP OF THE 9TH |
|
Hamilton Cardinals batting - Pitching for Chester Pirates : RHP Justin Rousell
|
|
Batting: RHB Kevin McGaughey
|
0-0: Swinging Strike 0-1: Swinging Strike 0-2: Strikes out swinging
|
|
Batting: LHB Josh Levin
|
0-0: Called Strike 0-1: Foul Ball, location: 2F 0-2: Foul Ball, location: 2F 0-2: Ball 1-2: Ball 2-2: Hit by Pitch
|
|
Batting: LHB John Stewart
|
0-0: Ball 1-0: Swinging Strike 1-1: Foul Ball, location: 2F 1-2: Foul Ball, location: 2F 1-2: Ball 2-2: Foul Ball, location: 2F 2-2: Ball 3-2: Strikes out swinging
|
|
Batting: RHB Oscar Higareda
|
0-0: Called Strike 0-1: Called Strike 0-2: Foul Ball, location: 2F 0-2: Ball 1-2: SINGLE (Flyball, 78S, EV 96.9 MPH) Josh Levin to second
|
|
Batting: RHB Matt Shaw
|
0-0: Ball 1-0: Ball 2-0: Ball 3-0: Base on Balls Josh Levin to third Oscar Higareda to second
|
|
Batting: SHB Jae-hong Kym
|
0-0: Called Strike 0-1: Ball 1-1: Foul Ball, location: 2F 1-2: Foul Ball, location: 2F 1-2: Ball 2-2: SINGLE (Groundball, 23, EV 63.8 MPH) (infield hit) Josh Levin scores Oscar Higareda to third Matt Shaw to second
|
|
Batting: LHB Jonathan Barker
|
0-0: Foul Ball, location: 2F 0-1: Ball 1-1: Ball 2-1: Ball 3-1: Base on Balls Oscar Higareda scores Matt Shaw to third Jae-hong Kym to second
|
|
Batting: RHB Jason Hunt
|
0-0: Ball 1-0: Ball 2-0: Ball 3-0: Called Strike Balk! Matt Shaw scores Jae-hong Kym to third Jonathan Barker to second 3-1: Reached on error, E5 (Groundball, 56S, EV 85.6 MPH) Jae-hong Kym scores Jonathan Barker to third
|
|
Batting: LHB Steven Higgs
|
0-0: Ball 1-0: Called Strike 1-1: SINGLE (Flyball, 6D, EV 94.4 MPH) Jonathan Barker scores Jason Hunt to second
|
|
Batting: RHB Kevin McGaughey
|
0-0: Swinging Strike 0-1: Ball 1-1: Foul Ball, location: 2F 1-2: Foul Ball, location: 2F 1-2: SINGLE (Groundball, 6MD, EV 95.0 MPH) Jason Hunt to third Steven Higgs to second Runner from 3rd tries for Home, SAFE, throw by CF to home
|
|
Pitching: RHP Colin Walker
|
|
|
Batting: LHB Josh Levin
|
0-0: Called Strike 0-1: Ball 1-1: Ball 2-1: Ball 3-1: Base on Balls Steven Higgs to third Kevin McGaughey to second
|
|
Batting: LHB John Stewart
|
0-0: Ground out 4-3 (Groundball, 4D, EV 100.0 MPH)
|
| Top of the 9th over - 6 runs, 4 hits, 1 error, 3 left on base; Hamilton 15 - Chester 5 |
| BOTTOM OF THE 9TH |
|
Chester Pirates batting - Pitching for Hamilton Cardinals : RHP Daniel Boulter
|
|
Batting: RHB Brian Brewster
|
0-0: Foul Ball, location: 2F 0-1: Foul Ball, location: 2F 0-2: Foul Ball, location: 2F 0-2: Ball 1-2: Foul Ball, location: 2F 1-2: Strikes out swinging
|
|
Batting: SHB Mike Corley
|
0-0: Ball 1-0: Foul Ball, location: 2F 1-1: Called Strike 1-2: Ball 2-2: Strikes out looking
|
|
Batting: RHB Zach Chmieleski
|
0-0: Called Strike 0-1: Foul Ball, location: 2F 0-2: Ball 1-2: Ball 2-2: Foul Ball, location: 2F 2-2: Foul Ball, location: 2F 2-2: Foul Ball, location: 2F 2-2: Ground out 1-3 (Groundball, P, EV 71.2 MPH)
|
| Bottom of the 9th over - 0 runs, 0 hits, 0 errors, 0 left on base; Hamilton 15 - Chester 5 |
|